 Dungeon Crawl Stone Soup version 0.20-a0-277-g7db01f4 (webtiles) character file.

19166 Kidiri the Thaumaturge (level 12, -8/62 HPs)
             Began as a Deep Elf Fire Elementalist on Dec 11, 2016.
             Was an Elder of Vehumet.
             Mangled by Rupert
             ... wielding a +4 battleaxe of freezing
              (17 damage)
             ... on level 3 of the Lair of Beasts.
             The game lasted 00:51:49 (14195 turns).

Kidiri the Thaumaturge (DEFE)                      Turns: 14195, Time: 00:51:50

Health: -8/62      AC: 11    Str: 17    XL:     12   Next: 34%
Magic:  19/30      EV: 17    Int: 28    God:    Vehumet [****..]
Gold:   314        SH:  0    Dex: 15    Spells: 6/35 levels left

rFire  . . .     SeeInvis +     K - +2 long sword "Lyphelyt" {slice, rElec rPois Dex-2 SInv}
rCold  + . .     Gourm    .     a - +2 robe
rNeg   + . .     Faith    +     (no shield)
rPois  +         Spirit   .     s - +2 helmet
rElec  +         Reflect  .     m - +2 cloak
rCorr  .         Harm     .     (no gloves)
MR     +....     NoTele   +     (no boots)
Stlth  ++........               G - amulet of faith
                                F - ring "Nidomuck" {-Tele rN+ Str+6 Dex+2}
                                n - +6 ring of strength

@: studying 2 skills
A: clever 1, cold resistance 1, frail 1
a: Renounce Religion


You were on level 3 of the Lair of Beasts.
You worshipped Vehumet.
Vehumet was greatly pleased with you.
You were full.

You visited 3 branches of the dungeon, and saw 13 of its levels.
You also visited: Sewer and Bailey.

You collected 714 gold pieces.
You spent 400 gold pieces at shops.

Inventory:

Hand Weapons
 b - a +0 dagger of electrocution
 K - the +2 long sword "Lyphelyt" (weapon) {slice, rElec rPois Dex-2 SInv}
   (You found it on level 9 of the Dungeon)

   It inflicts extra damage upon your enemies.
   It affects your dexterity (-2).
   It insulates you from electricity.
   It protects you from poison.
   It lets you see invisible.
Armour
 a - a +2 robe (worn)
 m - a +2 cloak (worn)
 s - a +2 helmet (worn)
Jewellery
 n - a +6 ring of strength (left hand)
 F - the ring "Nidomuck" (right hand) {-Tele rN+ Str+6 Dex+2}
   (You found it on level 6 of the Dungeon)

   [ring of strength]

   It affects your strength (+6).
   It affects your dexterity (+2).
   It protects you from negative energy.
   It prevents most forms of teleportation.
 G - an amulet of faith (around neck)
Wands
 t - a wand of iceblast (15/15)
 D - a wand of flame (34/48)
 H - a wand of paralysis (17/24)
 N - a wand of polymorph (18/24)
Scrolls
 l - a scroll of fear
 p - 2 scrolls of teleportation
 v - 3 scrolls of amnesia
 y - 3 scrolls of immolation
 A - 2 scrolls of remove curse
 M - a scroll of summoning
Potions
 e - 2 potions of agility
 f - 2 potions of heal wounds
 g - 6 potions of flight
 h - 3 potions of magic
 i - a potion of brilliance
 j - a potion of cure mutation
 o - 4 potions of might
 u - a potion of lignification
 w - a potion of resistance
 z - 8 potions of curing
 B - a potion of haste
 J - a potion of berserk rage
Books
 x - a manual of
Armour
 C - a manual of Fighting
 E - a book of Clouds

   Spells                             Type                      Level
   a - Mephitic Cloud                 Conjuration/Poison/Air       3
   b - Conjure Flame                  Conjuration/Fire             3
   c - Poisonous Cloud                Conjuration/Poison/Air       5
   d - Freezing Cloud                 Conjuration/Ice/Air          6
   e - Ring of Flames                 Charms/Fire                  7
 I - a book of Ice

   Spells                             Type                      Level
   a - Ice Form                       Ice/Transmutation            4
   b - Metabolic Englaciation         Hexes/Ice                    5
   c - Ozocubu's Refrigeration        Ice                          6
   d - Bolt of Cold                   Conjuration/Ice              6
   e - Freezing Cloud                 Conjuration/Ice/Air          6
   f - Simulacrum                     Ice/Necromancy               6
Comestibles
 c - 9 bread rations
 d - 4 meat rations
 k - 3 chunks of flesh
 q - a beef jerky
 r - 11 fruits


   Skills:
 + Level 5.8 Fighting
 + Level 5.7 Short Blades
 + Level 5.9 Armour
 + Level 7.8 Dodging
 - Level 2.4 Stealth
 * Level 12.3 Spellcasting
 + Level 7.5 Conjurations
 + Level 7.9 Fire Magic
 + Level 5.4 Ice Magic
 + Level 5.0 Air Magic
 + Level 4.1 Earth Magic
 + Level 2.3 Poison Magic
 + Level 6.1 Evocations


You had 6 spell levels left.
You knew the following spells:

 Your Spells              Type           Power        Failure   Level  Hunger
a - Flame Tongue          Conj/Fire      #####        1%          1    None
b - Throw Flame           Conj/Fire      ######       1%          2    None
c - Conjure Flame         Conj/Fire      ######..     1%          3    None
d - Inner Flame           Hex/Fire       #####...     1%          3    None
e - Sticky Flame          Conj/Fire      ######..     1%          4    None
f - Fireball              Conj/Fire      ######....   1%          5    ##.....
g - Throw Icicle          Conj/Ice       ######..     1%          4    None
h - Shock                 Conj/Air       ####         1%          1    None
i - Stone Arrow           Conj/Erth      ######       1%          3    None
j - Ignite Poison         Fire/Tmut/Pois #####...     1%          3    None


Dungeon Overview and Level Annotations

Branches:
Dungeon (9/15)             Temple (1/1) D:5            Lair (3/6) D:8
  Swamp (0/4) Lair:2        Snake (0/4) Lair:2
    Orc: D:9-12

Altars:
Ashenzari
Cheibriados
Dithmenos
Elyvilon
Fedhas
Gozag
Hepliaklqana
Kikubaaqudgha
Makhleb
Nemelex Xobeh
Okawaru
Qazlal
Ru
Sif Muna
Trog
Uskayaw
Vehumet
Xom
Yredelemnul
Zin
The Shining One

Shops:
D:7 *!   D:8 *

Annotations:
Lair:2 exclusion: downstairs
Lair:3 exclusion: upstairs, Rupert


Innate Abilities, Weirdness & Mutations

Your mind is acute. (Int +2)
Your flesh is cold resistant. (rC+)
You are frail. (-10% HP)


Message History

Rupert is moderately wounded.
Rupert burns!
Rupert is engulfed in roaring flames.
Rupert hits you with a battleaxe of freezing!!
Rupert freezes you.
Unknown command.
Rupert burns!
Rupert is engulfed in roaring flames.
You feel much better.
Rupert burns!
Rupert barely misses you.
Rupert hits you with a battleaxe of freezing!!!
Ouch! That really hurt!
* * * LOW HITPOINT WARNING * * *
Rupert freezes you.
* * * LOW HITPOINT WARNING * * *
Unknown command.
Okay, then.
Unknown command.
Rupert burns!
Rupert burns!
Rupert burns!
Rupert hits you with a battleaxe of freezing!
You die...

##.........,* *..,
*...#.P..**,*#####*#P.,
*#.#...#######P..##P..,
#.##ยง##.#.[.......PP.,
#####....................,
#..##....................,
#........................,
#........@.#.............,
#........@..#.............
##..P.......##........>....
##...........#..............
#.........P.................
#..#.#.#..#.................
#.#####...#.................
#.## ##..#........P........
#..# ##....................
##.## #............(......b.


You could see Rupert (berserk).

Vanquished Creatures
  2 hydras
  A hill giant (D:8)
  An orc knight (Bailey)
  A spiny frog (Lair:2)
  A polar bear (Lair:2)
  2 hippogriffs
  Grinder (D:6)
  The ghost of heinrich the Ruffian, an amateur NaTm of Cheibriados (D:4)
  6 yaks (Lair:2)
  4 vampire mosquitoes (Lair:2)
  Edmund (D:6)
  11 water moccasins
  10 porcupines
  13 orc warriors
  3 sky beasts
  4 ice beasts
  2 phantoms
  2 black bears
  6 ogres
  3 centaurs
  6 wolves (Lair:1)
  4 crocodiles
  2 big kobolds (Sewer)
  11 bullfrogs
  A scorpion (D:5)
  6 killer bees (D:8)
  2 howler monkeys (D:6)
  3 wights (D:7)
  A quasit (D:9)
  2 hounds
  2 jellies
  2 orc priests
  Crazy Yiuf (D:6)
  A centaur skeleton (D:6)
  A gnoll shaman (D:6)
  10 orc wizards
  Jessica (D:2)
  2 iguanas
  Ijyb (D:2)
  Natasha (thrice) (D:2)
  4 worker ants
  A hound zombie (D:4)
  A hound skeleton (D:9)
  4 adders
  7 gnolls (D:6)
  2 shadow imps
  An ooze (D:1)
  3 adder skeletons
  2 adder zombies (D:7)
  8 worms
  2 dart slugs
  8 leopard geckos
  39 orcs
  11 giant cockroaches
  11 goblins
  8 hobgoblins
  9 jackals
  22 kobolds
  5 quokkas
  5 ball pythons
  10 bats
  4 frilled lizards
  10 rats
  A fungus (D:6)
315 creatures vanquished.

Vanquished Creatures (collateral kills)
  7 water moccasins (Lair:2)
  3 adders (Lair:2)
  A ball python (Lair:2)
11 creatures vanquished.

Vanquished Creatures (others)
  An orc (Bailey)
  8 fungi
  3 plants (Lair:2)
12 creatures vanquished.

Grand Total: 338 creatures vanquished

Notes
Turn   | Place    | Note
-------+----------+-------------------------------------------
     0 | D:1      | Kidiri the Deep Elf Fire Elementalist began the quest for the Orb.
     0 | D:1      | Reached XP level 1. HP: 10/10 MP: 6/6
   388 | D:1      | Reached XP level 2. HP: 5/15 MP: 5/8
   393 | D:1      | Learned a level 2 spell: Throw Flame
   917 | D:1      | You fall through a shaft!
   954 | D:2      | Reached XP level 3. HP: 19/19 MP: 2/10
   960 | D:2      | Learned a level 3 spell: Conjure Flame
   964 | D:2      | Learned a level 3 spell: Inner Flame
  1052 | D:2      | Reached skill level 4 in Spellcasting
  1228 | D:2      | Noticed Ijyb
  1228 | D:2      | Noticed Jessica
  1233 | D:2      | Killed Jessica
  1309 | D:2      | Killed Ijyb
  1309 | D:2      | Reached XP level 4. HP: 20/24 MP: 0/12
  1481 | D:2      | Reached skill level 5 in Spellcasting
  1594 | D:2      | Learned a level 4 spell: Sticky Flame
  1736 | D:2      | Noticed Natasha
  1741 | D:2      | Killed Natasha
  1961 | D:2      | Noticed Natasha
  1968 | D:2      | Killed Natasha
  1968 | D:2      | Reached XP level 5. HP: 23/28 MP: 6/15
  2105 | D:2      | Noticed Natasha
  2109 | D:2      | Killed Natasha
  3177 | D:3      | Reached skill level 6 in Spellcasting
  3765 | D:4      | Noticed heinrich's ghost (amateur NaTm)
  3863 | D:4      | Noticed an ogre
  3882 | D:4      | Killed an ogre
  3882 | D:4      | Reached XP level 6. HP: 18/32 MP: 4/17
  3889 | D:4      | Learned a level 5 spell: Fireball
  4108 | D:4      | Killed heinrich's ghost
  4108 | D:4      | Reached skill level 1 in Evocations
  4108 | D:4      | Reached XP level 7. HP: 31/37 MP: 3/19
  4230 | D:4      | Reached skill level 1 in Short Blades
  4234 | D:4      | Found a glowing drain.
  4242 | Sewer    | Entered a sewer
  4297 | Sewer    | Reached skill level 1 in Fighting
  4297 | Sewer    | Reached skill level 7 in Spellcasting
  4297 | Sewer    | Reached skill level 5 in Fire Magic
  4541 | Sewer    | Reached skill level 1 in Armour
  5520 | D:5      | Entered Level 5 of the Dungeon
  5655 | D:5      | Reached XP level 8. HP: 39/43 MP: 0/21
  5879 | D:5      | Found a staircase to the Ecumenical Temple.
  5885 | D:5      | Learned a level 4 spell: Throw Icicle
  5887 | Temple   | Entered the Ecumenical Temple
  6037 | Temple   | Became a worshipper of Vehumet
  6290 | D:5      | Found a deep blue altar of Sif Muna.
  6291 | D:5      | Found a shattered altar of Ashenzari.
  6296 | D:5      | Found a blossoming altar of Fedhas.
  6296 | D:5      | Found a sacrificial altar of Ru.
  6318 | D:5      | Reached skill level 8 in Spellcasting
  6754 | D:6      | Reached skill level 1 in Ice Magic
  6944 | D:6      | Reached * piety under Vehumet
  6944 | D:6      | Offered knowledge of Shock by Vehumet.
  6947 | D:6      | Learned a level 1 spell: Shock
  7165 | D:6      | Noticed Edmund
  7174 | D:6      | Killed Edmund
  7229 | D:6      | Found a shimmering altar of Xom.
  7344 | D:6      | Reached skill level 1 in Air Magic
  7344 | D:6      | Reached XP level 9. HP: 42/48 MP: 11/23
  7352 | D:6      | Got a transparent turquoise ring
  7353 | D:6      | Identified the ring "Nidomuck" {-Tele rN+ Str+6 Dex+2} (You found it on level 6 of the Dungeon)
  7461 | D:6      | Reached skill level 5 in Conjurations
  7579 | D:6      | Noticed Grinder
  7584 | D:6      | Killed Grinder
  7584 | D:6      | Reached skill level 9 in Spellcasting
  7812 | D:6      | Found a runed door.
  7816 | D:6      | Noticed Crazy Yiuf
  7819 | D:6      | Killed Crazy Yiuf
  7819 | D:6      | Reached skill level 5 in Dodging
  7885 | D:7      | Found Quaggopias's Distillery.
  7913 | D:7      | Bought a potion of mutation for 37 gold pieces
  7913 | D:7      | Bought 2 potions of heal wounds for 150 gold pieces
  7913 | D:7      | Bought a potion of curing for 45 gold pieces
  7913 | D:7      | Gained mutation: Your flesh is cold resistant. (rC+) [potion of mutation]
  7913 | D:7      | Gained mutation: You are frail. (-10% HP) [potion of mutation]
  7913 | D:7      | Gained mutation: Your mind is acute. (Int +2) [potion of mutation]
  8059 | D:7      | You fall through a shaft for 2 floors!
  8176 | D:9      | Noticed a cyclops
  8199 | D:9      | Got a slimy long sword
  8200 | D:9      | Identified the +2 long sword "Lyphelyt" {slice, rElec rPois Dex-2 SInv} (You found it on level 9 of the Dungeon)
  8205 | D:9      | Noticed a cyclops
  8242 | D:9      | Reached ** piety under Vehumet
  8247 | D:8      | Offered knowledge of Searing Ray by Vehumet.
  8270 | D:8      | Found a staircase to the Lair.
  8471 | D:7      | Found Daucsacs's General Store.
  8492 | D:7      | Reached skill level 10 in Spellcasting
  8492 | D:7      | Reached XP level 10. HP: 42/50 MP: 21/26
  8526 | D:7      | Found a flagged portal.
  8598 | Bailey   | Entered a bailey
  9405 | Bailey   | HP: 1/50 [orc warrior/bolt (24)]
  9789 | Bailey   | Found a roughly hewn altar of Beogh.
  9789 | Bailey   | Noticed an orc knight
  9795 | Bailey   | Offered knowledge of Stone Arrow by Vehumet.
  9795 | Bailey   | Killed an orc knight
  9862 | Bailey   | Learned a level 3 spell: Stone Arrow
  9863 | Bailey   | Reached skill level 5 in Short Blades
  9863 | Bailey   | Reached skill level 11 in Spellcasting
  9863 | Bailey   | Reached skill level 5 in Evocations
  9863 | Bailey   | Reached XP level 11. HP: 35/55 MP: 19/28
 10124 | D:7      | Reached *** piety under Vehumet
 10292 | D:8      | Noticed a hill giant
 10306 | D:8      | Killed a hill giant
 10477 | D:8      | Reached skill level 5 in Ice Magic
 10728 | D:8      | Reached skill level 5 in Armour
 10781 | D:8      | Found Qireer's Assorted Antiques.
 10797 | D:8      | Bought a shiny cabochon ring for 120 gold pieces
 10797 | D:8      | Bought a scroll of identify for 48 gold pieces
 10847 | D:8      | Offered knowledge of Ignite Poison by Vehumet.
 11256 | D:8      | Learned a level 3 spell: Ignite Poison
 11257 | Lair:1   | Entered Level 1 of the Lair of Beasts
 11373 | Lair:1   | Reached skill level 5 in Fighting
 11573 | Lair:1   | Reached **** piety under Vehumet
 11971 | Lair:2   | Found a staircase to the Snake Pit.
 11986 | Lair:2   | Offered knowledge of Fulminant Prism by Vehumet.
 11996 | Lair:2   | Reached skill level 1 in Poison Magic
 12152 | Lair:2   | Reached skill level 12 in Spellcasting
 12152 | Lair:2   | Reached XP level 12. HP: 36/61 MP: 23/30
 12487 | Lair:2   | Found a staircase to the Swamp.
 12824 | Lair:2   | Noticed an eight-headed hydra
 12839 | Lair:2   | Killed an eight-headed hydra
 13972 | Lair:3   | Noticed Rupert
 14007 | Lair:3   | Noticed a four-headed hydra
 14028 | Lair:3   | Killed a four-headed hydra
 14028 | Lair:3   | Reached skill level 5 in Air Magic
 14195 | Lair:3   | Mangled by Rupert

Vault maps used:
D:1:      nagdon_arrival_zigzag_paths, nrook_loot_triangle
D:2:      uniq_iyjb, uniq_natasha, uniq_jessica
D:4:      gup_sewer_entry_bubbles, first_bread
D:5:      grunt_temple_overflow_open
D:6:      kb_forest_paths, xom_teletrap_fun, serial_bayou_lagoon_a,
          uniq_crazy_yiuf_cottage, uniq_grinder, uniq_edmund
D:7:      serial_shops, shop, shop, enter_bailey_3
D:8:      due_lair_maze_entry_diamond, serial_shops, shop_statue
D:9:      minmay_cut_squares
Temple:   nicolae_temple_elliptical
Lair:1:   beast_lair_carwin_11, serial_bayou_shore_a
Lair:2:   minmay_swamp_entry_swarm, minmay_snake_entry_six_corridors
Lair:3:   lemuel_fruit_fields, uniq_urug, uniq_rupert
Sewer:    kennysheep_pipe_town
Bailey:   bailey_polearm_2, bailey

Skill      XL: |  1  2  3  4  5  6  7  8  9 10 11 12 |
---------------+-------------------------------------+-----
Conjurations   | 2 3 4 5 6 7 |  7.5
Spellcasting   | 4 5 6 7 8 10 11 12 | 12.3
Fire Magic     | 4 5 6 7 |  7.9
Evocations     | 1 2 3 4 5 6 |  6.1
Short Blades   | 2 3 5 |  5.7
Fighting       | 1 2 3 4 5 |  5.8
Dodging        | 3 4 5 6 7 |  7.8
Armour         | 1 2 4 5 |  5.9
Ice Magic      | 2 3 4 5 |  5.4
Air Magic      | 1 2 4 5 |  5.0
Earth Magic    | 2 3 4 |  4.1
Poison Magic   | 1 2 |  2.3
Stealth        | |  2.4

Action                   |  1- 3 |  4- 6 |  7- 9 | 10-12 || total
-------------------------+-------+-------+-------+-------++-------
Melee: Club              |     8 |       |       |       ||     8
       Dagger            |    21 |    39 |    45 |     1 ||   106
       Long sword        |       |       |     6 |    36 ||    42
 Cast: Flame Tongue      |    48 |    80 |   161 |   179 ||   468
       Throw Flame       |     8 |    24 |    63 |    60 ||   155
       Conjure Flame     |     1 |     1 |     4 |    12 ||    18
       Inner Flame       |     1 |       |     4 |     3 ||     8
       Sticky Flame      |       |     1 |    28 |    32 ||    61
       Fireball          |       |       |     2 |    11 ||    13
       Shock             |       |       |     1 |       ||     1
Evoke: Wand              |     1 |       |       |       ||     1
  Use: Scroll            |       |    12 |     7 |    10 ||    29
       Potion            |       |       |     4 |     8 ||    12
 Stab: Sleeping          |     2 |     4 |     3 |     4 ||    13
  Eat: Chunk             |     1 |     9 |    16 |    10 ||    36
       Fruit             |       |       |       |     2 ||     2
       Beef jerky        |       |       |       |     5 ||     5
       Royal jelly       |       |       |       |     1 ||     1
       Pizza             |       |       |       |     1 ||     1
Armor: Robe              |    15 |    11 |    51 |    43 ||   120
Dodge: Dodged            |    40 |    45 |   104 |   149 ||   338
       Rpst.: Long sword |       |       |     7 |    31 ||    38
